[ AOE2 MATCH · #459751406 ]
Team RMByzantines vs Turks
[ REPLAY ANALYSIS · EXTRACTED FROM THE RECORDED GAME ]
Feudal
—
Castle
—
Imperial
—
| APM avg | 37.3 |
| APM peak | 160 |
| eAPM avg | 35.6 |
| Villagers / military | 108 / 51 |
Focus
⚔️ 7.2% · 🌾 92.8%
Cataphract ×30 · Skirmisher ×12 · Spearman ×9 · Trade Cart ×5
Feudal
12:18
Castle
22:29
Imperial
—
| APM avg | 8.3 |
| APM peak | 20 |
| eAPM avg | 6.1 |
| Villagers / military | 47 / 34 |
Focus
⚔️ 25.2% · 🌾 74.8%
Spearman ×25 · Battering Ram ×6 · Scorpion ×3 · Trade Cart ×3
Feudal
11:39
Castle
21:48
Imperial
43:16
| APM avg | 7.8 |
| APM peak | 26 |
| eAPM avg | 6.6 |
| Villagers / military | 70 / 53 |
Focus
⚔️ 31.5% · 🌾 68.5%
Spearman ×33 · Throwing Axeman ×20
Feudal
14:15
Castle
18:36
Imperial
—
| APM avg | 16.3 |
| APM peak | 46 |
| eAPM avg | 10.1 |
| Villagers / military | 81 / 60 |
Focus
⚔️ 23.9% · 🌾 76.1%
Spearman ×29 · Hussite Wagon ×28 · Battering Ram ×2 · Militia ×1
Feudal
—
Castle
—
Imperial
—
| APM avg | 56.5 |
| APM peak | 261 |
| eAPM avg | 49.3 |
| Villagers / military | 124 / 164 |
Focus
⚔️ 14.0% · 🌾 86.0%
Militia ×91 · Magyar Huszar ×43 · Cavalry Archer ×13 · Battering Ram ×7 · Knight ×5 · Scout Cavalry ×3
Feudal
10:51
Castle
23:37
Imperial
—
| APM avg | 13.2 |
| APM peak | 31 |
| eAPM avg | 10.8 |
| Villagers / military | 60 / 120 |
Focus
⚔️ 38.9% · 🌾 61.1%
Spearman ×52 · Skirmisher ×18 · Archer ×11 · Scout Cavalry ×10 · Centurion ×9 · Militia ×8
Match map
Initial resources + every placement click. Lines = walls · curves = elevation contours. ◆ gold · ⬟ stone · ● berries · ✦ relic · ◌ wall gap
Your base· ✓ Closed at 17:52 · 0t walls · 3 gate(s)
Kuboosi's base· ✓ Closed at 22:29 · 0t walls · 3 gate(s)
jkennedy962's base· ✓ Closed at 21:48 · 0t walls · 2 gate(s)
Idontcare1611's base· ✓ Closed at 18:36 · 0t walls · 2 gate(s)
Mastercheif8458's base· ✓ Closed at 13:23 · 0t walls · 3 gate(s)
Shadov's base· ✓ Closed at 23:37 · 0t walls · 2 gate(s)
Smoothed initial terrain · ◌ = detected wall gap · hover for details
Inputs per minute
— caneberva - - Kuboosi
Build order — caneberva
First 150 of 441 actions detected
| 0:10 | Build | House |
| 0:19 | Create | Villager (Male) ×4 |
| 1:42 | Create | Villager (Male) |
| 2:32 | Create | Villager (Male) |
| 2:42 | Build | House |
| 2:56 | Create | Villager (Male) |
| 3:14 | Build | Lumber Camp |
| 3:32 | Create | Villager (Male) |
| 3:49 | Create | Villager (Male) |
| 4:26 | Create | Villager (Male) |
| 4:44 | Build | House |
| 4:48 | Create | Villager (Male) |
| 5:27 | Create | Villager (Male) |
| 5:35 | Create | Villager (Male) |
| 5:43 | Build | Mill |
| 5:53 | Create | Villager (Male) |
| 6:16 | Create | Villager (Male) |
| 7:13 | Create | Villager (Male) |
| 7:21 | Build | House |
| 7:55 | Create | Villager (Male) |
| 7:55 | Create | Villager (Male) |
| 7:55 | Create | Villager (Male) |
| 8:32 | Build | House |
| 8:52 | Create | Villager (Male) |
| 9:10 | Create | Villager (Male) |
| 9:32 | Create | Villager (Male) |
| 9:52 | Create | Villager (Male) |
| 10:36 | Research | Feudal Age |
| 10:47 | Build | House |
| 11:10 | Build | Mill |
| 11:32 | Create | Villager (Male) |
| 12:22 | Create | Villager (Male) |
| 12:30 | Build | House |
| 12:38 | Build | Farm |
| 12:38 | Build | Farm |
| 12:38 | Build | Farm |
| 12:38 | Build | Farm |
| 12:38 | Build | Farm |
| 12:38 | Build | Farm |
| 12:38 | Build | Farm |
| 12:38 | Build | Farm |
| 12:38 | Build | Farm |
| 12:38 | Build | Farm |
| 12:38 | Build | Farm |
| 12:38 | Build | Farm |
| 12:38 | Build | Farm |
| 12:38 | Build | Farm |
| 12:38 | Build | Farm |
| 12:38 | Build | Farm |
| 12:38 | Build | Farm |
| 12:38 | Build | Farm |
| 12:38 | Build | Farm |
| 12:38 | Build | Farm |
| 12:38 | Build | Farm |
| 12:38 | Build | Farm |
| 12:45 | Build | Farm |
| 12:45 | Build | Farm |
| 12:45 | Build | Farm |
| 12:45 | Build | Farm |
| 12:45 | Build | Farm |
| 12:50 | Build | Farm |
| 12:50 | Build | Farm |
| 12:50 | Build | Farm |
| 12:50 | Build | Farm |
| 12:50 | Build | Farm |
| 12:50 | Build | Farm |
| 12:50 | Build | Farm |
| 12:50 | Build | Farm |
| 12:51 | Build | Farm |
| 12:51 | Build | Farm |
| 12:51 | Build | Farm |
| 12:51 | Build | Farm |
| 12:51 | Build | Farm |
| 12:51 | Build | Farm |
| 12:51 | Build | Farm |
| 12:51 | Build | Farm |
| 12:51 | Build | Farm |
| 12:51 | Build | Farm |
| 12:51 | Build | Farm |
| 12:54 | Build | Farm |
| 12:54 | Build | Farm |
| 12:54 | Build | Farm |
| 12:54 | Build | Farm |
| 12:54 | Build | Farm |
| 12:54 | Build | Farm |
| 12:54 | Build | Farm |
| 12:54 | Build | Farm |
| 12:54 | Build | Farm |
| 12:54 | Build | Farm |
| 12:54 | Build | Farm |
| 12:54 | Build | Farm |
| 12:54 | Build | Farm |
| 12:54 | Build | Farm |
| 12:54 | Build | Farm |
| 12:54 | Build | Farm |
| 12:56 | Build | Farm |
| 12:56 | Build | Farm |
| 12:56 | Build | Farm |
| 12:56 | Build | Farm |
| 12:56 | Build | Farm |
| 12:56 | Build | Farm |
| 12:56 | Build | Farm |
| 12:56 | Build | Farm |
| 13:16 | Research | Horse Collar |
| 13:30 | Research | Double-Bit Axe |
| 13:37 | Create | Villager (Male) |
| 13:53 | Research | Wheelbarrow |
| 13:55 | Create | Villager (Male) |
| 14:15 | Build | Farm |
| 14:55 | Build | Market |
| 15:01 | Create | Villager (Male) |
| 15:03 | Create | Villager (Male) |
| 15:23 | Build | Blacksmith |
| 15:30 | Build | House |
| 15:49 | Create | Villager (Male) |
| 16:10 | Build | Farm |
| 16:10 | Build | Farm |
| 16:10 | Build | Farm |
| 16:10 | Build | Farm |
| 16:10 | Build | Farm |
| 16:10 | Build | Farm |
| 16:10 | Build | Farm |
| 16:10 | Build | Farm |
| 16:10 | Build | Farm |
| 16:16 | Build | Farm |
| 16:16 | Build | Farm |
| 16:16 | Build | Farm |
| 16:16 | Build | Farm |
| 16:16 | Build | Farm |
| 16:16 | Build | Farm |
| 16:16 | Build | Farm |
| 16:17 | Build | Farm |
| 16:17 | Build | Farm |
| 16:17 | Build | Farm |
| 16:17 | Build | Farm |
| 16:17 | Build | Farm |
| 16:17 | Build | Farm |
| 16:17 | Build | Farm |
| 16:17 | Build | Farm |
| 16:17 | Build | Farm |
| 16:23 | Create | Villager (Male) |
| 17:01 | Build | Mining Camp |
| 17:07 | Create | Villager (Male) |
| 17:35 | Build | Farm |
| 17:36 | Build | Farm |
| 17:36 | Build | Farm |
| 17:36 | Build | Farm |
| 17:52 | Research | Castle Age |
| 17:55 | Research | Loom |
| 18:29 | Build | Stone Wall |
Build order — Kuboosi
First 150 of 158 actions detected
| 0:33 | Build | House |
| 0:35 | Build | House |
| 0:39 | Create | Villager (Male) |
| 0:40 | Create | Villager (Male) |
| 0:40 | Create | Villager (Male) |
| 0:41 | Create | Villager (Male) |
| 1:42 | Build | Mill |
| 2:09 | Create | Villager (Male) |
| 2:54 | Create | Villager (Male) |
| 2:55 | Research | Loom |
| 3:27 | Create | Villager (Male) |
| 3:59 | Create | Villager (Male) |
| 4:39 | Build | Lumber Camp |
| 5:00 | Create | Villager (Male) |
| 5:17 | Create | Villager (Male) |
| 5:31 | Build | House |
| 5:55 | Create | Villager (Male) |
| 5:56 | Create | Villager (Male) |
| 5:58 | Create | Villager (Male) |
| 6:06 | Build | House |
| 7:10 | Create | Villager (Male) |
| 7:10 | Create | Villager (Male) |
| 7:12 | Create | Villager (Male) |
| 7:43 | Create | Villager (Male) |
| 10:08 | Research | Feudal Age |
| 10:28 | Build | Farm |
| 10:31 | Build | Farm |
| 10:34 | Build | Farm |
| 10:53 | Build | Farm |
| 11:00 | Build | Farm |
| 11:48 | Build | House |
| 11:50 | Build | House |
| 11:52 | Build | House |
| 12:18 | Age | Feudal Age |
| 12:31 | Research | Wheelbarrow |
| 12:35 | Research | Double-Bit Axe |
| 12:41 | Research | Horse Collar |
| 13:21 | Build | Market |
| 13:34 | Build | Blacksmith |
| 13:41 | Create | Villager (Male) |
| 13:41 | Create | Villager (Male) |
| 13:41 | Create | Villager (Male) |
| 13:42 | Create | Villager (Male) |
| 13:42 | Create | Villager (Male) |
| 13:43 | Create | Villager (Male) |
| 13:45 | Create | Villager (Male) |
| 13:45 | Create | Villager (Male) |
| 13:45 | Create | Villager (Male) |
| 13:45 | Create | Villager (Male) |
| 14:19 | Build | Mining Camp |
| 14:25 | Create | Villager (Male) |
| 14:25 | Create | Villager (Male) |
| 14:59 | Research | Stone Mining |
| 15:33 | Research | Gold Mining |
| 15:50 | Build | Farm |
| 17:12 | Create | Trade Cart |
| 17:13 | Create | Trade Cart |
| 17:15 | Create | Trade Cart |
| 17:53 | Build | Farm |
| 18:11 | Build | Farm |
| 18:16 | Build | Farm |
| 18:59 | Create | Villager (Male) |
| 18:59 | Create | Villager (Male) |
| 19:00 | Create | Villager (Male) |
| 19:04 | Build | Farm |
| 19:08 | Build | Farm |
| 19:10 | Build | Farm |
| 19:18 | Build | Farm |
| 19:22 | Research | Castle Age |
| 19:35 | Build | Farm |
| 20:00 | Build | Farm |
| 21:02 | Build | House |
| 21:04 | Build | House |
| 21:06 | Build | House |
| 22:29 | Age | Castle Age |
| 22:33 | Build | Barracks |
| 22:39 | Research | Hand Cart |
| 22:54 | Create | Villager (Male) |
| 22:54 | Create | Villager (Male) |
| 22:55 | Create | Villager (Male) |
| 23:40 | Build | Castle |
| 24:22 | Build | Barracks |
| 26:19 | Build | Castle |
| 26:24 | Create | Spearman |
| 26:24 | Create | Spearman |
| 26:24 | Create | Spearman |
| 26:25 | Create | Spearman |
| 26:25 | Create | Spearman |
| 26:39 | Research | Squires |
| 27:00 | Research | Caravan |
| 27:10 | Create | Villager (Male) |
| 27:11 | Create | Villager (Male) |
| 27:11 | Create | Villager (Male) |
| 27:11 | Create | Villager (Male) |
| 27:12 | Create | Villager (Male) |
| 27:59 | Build | Siege Workshop |
| 28:31 | Build | Farm |
| 28:39 | Create | Battering Ram |
| 28:39 | Create | Battering Ram |
| 28:40 | Create | Battering Ram |
| 28:43 | Create | Spearman |
| 28:43 | Create | Spearman |
| 28:44 | Create | Spearman |
| 28:44 | Create | Spearman |
| 28:45 | Create | Spearman |
| 29:14 | Research | Bow Saw |
| 29:19 | Research | Heavy Plow |
| 29:40 | Build | Farm |
| 29:43 | Build | Farm |
| 29:50 | Build | Farm |
| 30:02 | Create | Spearman |
| 30:03 | Create | Spearman |
| 30:03 | Create | Spearman |
| 30:03 | Create | Spearman |
| 30:04 | Create | Spearman |
| 30:22 | Build | Farm |
| 30:35 | Build | House |
| 30:37 | Build | House |
| 30:38 | Build | House |
| 31:48 | Build | Farm |
| 32:40 | Build | House |
| 32:42 | Build | House |
| 32:44 | Build | House |
| 33:02 | Create | Spearman |
| 33:02 | Create | Spearman |
| 33:02 | Create | Spearman |
| 33:03 | Create | Spearman |
| 33:03 | Create | Spearman |
| 33:03 | Create | Spearman |
| 33:03 | Create | Spearman |
| 33:04 | Create | Spearman |
| 33:04 | Create | Spearman |
| 33:04 | Create | Spearman |
| 33:38 | Create | Scorpion |
| 33:38 | Create | Scorpion |
| 33:38 | Create | Scorpion |
| 35:22 | Create | Battering Ram |
| 35:22 | Create | Battering Ram |
| 35:22 | Create | Battering Ram |
| 36:23 | Build | Farm |
| 36:28 | Build | Farm |
| 36:38 | Create | Villager (Male) |
| 36:38 | Create | Villager (Male) |
| 36:39 | Create | Villager (Male) |
| 36:39 | Create | Villager (Male) |
| 36:39 | Create | Villager (Male) |
| 36:39 | Create | Villager (Male) |
| 36:40 | Create | Villager (Male) |
| 37:19 | Build | Castle |
| 38:32 | Build | Watch Tower |
Build order — jkennedy962
First 150 of 220 actions detected
| 0:36 | Build | House |
| 0:44 | Create | Villager (Male) |
| 0:45 | Research | Loom |
| 0:46 | Create | Villager (Male) |
| 0:46 | Create | Villager (Male) |
| 0:46 | Create | Villager (Male) |
| 0:46 | Create | Villager (Male) |
| 0:47 | Create | Villager (Male) |
| 1:07 | Build | House |
| 1:12 | Build | House |
| 1:17 | Build | House |
| 2:11 | Build | Mill |
| 2:14 | Create | Villager (Male) |
| 3:08 | Create | Villager (Male) |
| 3:33 | Create | Villager (Male) |
| 3:33 | Create | Villager (Male) |
| 3:56 | Create | Villager (Male) |
| 4:12 | Create | Villager (Male) |
| 4:30 | Create | Villager (Male) |
| 4:50 | Create | Villager (Male) |
| 5:06 | Create | Villager (Male) |
| 5:26 | Create | Villager (Male) |
| 5:26 | Create | Villager (Male) |
| 5:54 | Create | Villager (Male) |
| 5:54 | Create | Villager (Male) |
| 7:02 | Build | Lumber Camp |
| 7:26 | Create | Villager (Male) |
| 7:27 | Create | Villager (Male) |
| 9:29 | Research | Feudal Age |
| 10:12 | Build | Mill |
| 11:39 | Age | Feudal Age |
| 11:49 | Research | Wheelbarrow |
| 11:51 | Create | Villager (Male) |
| 12:28 | Research | Double-Bit Axe |
| 12:44 | Research | Town Watch |
| 12:50 | Create | Villager (Male) |
| 13:27 | Create | Villager (Male) |
| 13:36 | Build | House |
| 13:39 | Build | House |
| 13:47 | Build | House |
| 13:53 | Create | Villager (Male) |
| 13:53 | Create | Villager (Male) |
| 13:53 | Create | Villager (Male) |
| 13:54 | Create | Villager (Male) |
| 14:47 | Build | Market |
| 14:59 | Build | Mining Camp |
| 15:19 | Build | Mill |
| 15:34 | Build | Farm |
| 15:42 | Build | Blacksmith |
| 15:50 | Build | Farm |
| 15:56 | Create | Villager (Male) |
| 15:57 | Create | Villager (Male) |
| 15:57 | Create | Villager (Male) |
| 16:28 | Build | Farm |
| 16:42 | Build | Barracks |
| 16:53 | Build | Farm |
| 17:18 | Build | Farm |
| 17:57 | Build | Barracks |
| 18:00 | Create | Spearman |
| 18:00 | Create | Spearman |
| 18:01 | Create | Spearman |
| 18:01 | Create | Spearman |
| 19:04 | Build | Stable |
| 19:08 | Research | Castle Age |
| 19:20 | Research | Scale Mail Armor |
| 19:51 | Research | Forging |
| 21:00 | Build | Mining Camp |
| 21:09 | Create | Spearman |
| 21:09 | Create | Spearman |
| 21:09 | Create | Spearman |
| 21:10 | Create | Spearman |
| 21:10 | Create | Spearman |
| 21:10 | Create | Spearman |
| 21:10 | Create | Spearman |
| 21:21 | Build | Mining Camp |
| 21:26 | Create | Villager (Male) |
| 21:48 | Age | Castle Age |
| 22:54 | Build | Town Center |
| 23:06 | Create | Villager (Male) |
| 24:40 | Research | Pikeman (upgrade) |
| 24:43 | Research | Squires |
| 24:57 | Build | Farm |
| 25:19 | Build | Castle |
| 25:38 | Research | Hand Cart |
| 25:42 | Create | Villager (Male) |
| 25:42 | Create | Villager (Male) |
| 25:43 | Create | Villager (Male) |
| 26:17 | Create | Spearman |
| 26:17 | Create | Spearman |
| 26:40 | Create | Villager (Male) |
| 26:40 | Create | Villager (Male) |
| 26:53 | Create | Villager (Male) |
| 27:01 | Build | Farm |
| 27:18 | Create | Spearman |
| 27:20 | Create | Spearman |
| 27:36 | Research | Fletching |
| 28:05 | Research | Iron Casting |
| 28:06 | Research | Chain Mail Armor |
| 28:21 | Build | University |
| 28:26 | Create | Villager (Male) |
| 28:26 | Create | Villager (Male) |
| 28:26 | Create | Villager (Male) |
| 28:36 | Build | Mill |
| 28:49 | Create | Villager (Male) |
| 28:58 | Build | Farm |
| 30:22 | Build | Farm |
| 30:24 | Build | Farm |
| 30:27 | Create | Villager (Male) |
| 30:28 | Create | Villager (Male) |
| 30:28 | Create | Villager (Male) |
| 30:28 | Create | Villager (Male) |
| 30:28 | Create | Villager (Male) |
| 30:32 | Create | Villager (Male) |
| 30:32 | Create | Villager (Male) |
| 30:32 | Create | Villager (Male) |
| 30:32 | Create | Villager (Male) |
| 30:33 | Create | Villager (Male) |
| 30:33 | Create | Villager (Male) |
| 31:05 | Build | Farm |
| 31:13 | Research | Gold Mining |
| 31:15 | Research | Stone Mining |
| 31:26 | Build | Farm |
| 31:36 | Create | Spearman |
| 31:37 | Create | Spearman |
| 31:49 | Create | Spearman |
| 31:49 | Create | Spearman |
| 31:50 | Create | Spearman |
| 31:50 | Create | Spearman |
| 31:56 | Create | Throwing Axeman |
| 32:19 | Build | Castle |
| 32:47 | Build | Castle |
| 33:20 | Build | Castle |
| 33:34 | Research | Murder Holes |
| 33:35 | Research | Ballistics |
| 33:42 | Build | Farm |
| 33:47 | Build | House |
| 33:51 | Build | House |
| 33:53 | Build | House |
| 33:56 | Build | House |
| 33:59 | Build | House |
| 34:43 | Create | Spearman |
| 34:43 | Create | Spearman |
| 34:43 | Create | Spearman |
| 34:43 | Create | Spearman |
| 34:44 | Create | Spearman |
| 34:44 | Create | Spearman |
| 34:44 | Create | Spearman |
| 34:44 | Create | Spearman |
| 34:45 | Create | Spearman |
| 34:45 | Create | Spearman |
Build order — Idontcare1611
First 150 of 216 actions detected
| 0:02 | Create | Villager (Male) |
| 0:02 | Create | Villager (Male) |
| 0:03 | Create | Villager (Male) |
| 0:03 | Create | Villager (Male) |
| 0:04 | Research | Loom |
| 0:10 | Build | House |
| 0:11 | Build | House |
| 2:00 | Create | Villager (Male) |
| 2:00 | Create | Villager (Male) |
| 2:50 | Create | Villager (Male) |
| 3:11 | Build | Lumber Camp |
| 3:21 | Create | Villager (Male) |
| 3:41 | Create | Villager (Male) |
| 3:55 | Build | House |
| 3:58 | Create | Villager (Male) |
| 4:33 | Build | Mill |
| 4:58 | Create | Villager (Male) |
| 4:58 | Create | Villager (Male) |
| 6:11 | Create | Villager (Male) |
| 6:11 | Create | Villager (Male) |
| 6:19 | Create | Villager (Male) |
| 6:52 | Build | Farm |
| 6:53 | Build | Farm |
| 7:08 | Build | Outpost |
| 7:13 | Build | Outpost |
| 7:17 | Build | Outpost |
| 7:22 | Build | Outpost |
| 7:45 | Build | Outpost |
| 7:52 | Create | Villager (Male) |
| 7:52 | Create | Villager (Male) |
| 7:53 | Create | Villager (Male) |
| 7:53 | Create | Villager (Male) |
| 7:54 | Create | Villager (Male) |
| 7:56 | Create | Villager (Male) |
| 8:03 | Create | Villager (Male) |
| 8:03 | Create | Villager (Male) |
| 8:04 | Create | Villager (Male) |
| 8:13 | Build | House |
| 8:25 | Build | House |
| 10:08 | Create | Villager (Male) |
| 10:33 | Research | Feudal Age |
| 10:34 | Create | Villager (Male) |
| 10:36 | Create | Villager (Male) |
| 10:58 | Build | Mining Camp |
| 11:08 | Build | Mining Camp |
| 11:17 | Build | Farm |
| 11:19 | Build | Farm |
| 12:45 | Build | Barracks |
| 12:58 | Build | House |
| 13:00 | Build | House |
| 14:15 | Age | Feudal Age |
| 14:16 | Create | Spearman |
| 14:17 | Create | Spearman |
| 14:37 | Build | Blacksmith |
| 14:49 | Build | Market |
| 14:57 | Create | Spearman |
| 15:27 | Create | Spearman |
| 15:40 | Research | Double-Bit Axe |
| 15:56 | Research | Castle Age |
| 16:02 | Create | Spearman |
| 16:34 | Create | Spearman |
| 16:41 | Build | Farm |
| 16:52 | Build | Farm |
| 17:03 | Create | Villager (Male) |
| 17:25 | Build | Farm |
| 17:53 | Research | Horse Collar |
| 17:59 | Create | Spearman |
| 18:12 | Build | House |
| 18:13 | Build | House |
| 18:14 | Build | House |
| 18:25 | Create | Villager (Male) |
| 18:36 | Age | Castle Age |
| 18:43 | Build | Castle |
| 18:51 | Create | Spearman |
| 18:57 | Research | Pikeman (upgrade) |
| 19:09 | Create | Spearman |
| 20:13 | Build | Archery Range |
| 20:28 | Build | University |
| 20:35 | Create | Villager (Male) |
| 20:36 | Create | Villager (Male) |
| 20:36 | Create | Villager (Male) |
| 20:56 | Create | Villager (Male) |
| 21:29 | Create | Villager (Male) |
| 21:34 | Research | Double-Bit Axe |
| 21:40 | Create | Hussite Wagon |
| 22:02 | Create | Villager (Male) |
| 22:03 | Create | Villager (Male) |
| 22:13 | Create | Hussite Wagon |
| 22:50 | Create | Hussite Wagon |
| 22:50 | Create | Hussite Wagon |
| 22:50 | Create | Hussite Wagon |
| 23:20 | Create | Hussite Wagon |
| 24:12 | Create | Hussite Wagon |
| 24:13 | Create | Hussite Wagon |
| 24:32 | Create | Hussite Wagon |
| 25:34 | Build | Mining Camp |
| 25:37 | Create | Villager (Male) |
| 25:37 | Create | Villager (Male) |
| 25:56 | Create | Hussite Wagon |
| 25:57 | Create | Hussite Wagon |
| 26:15 | Create | Hussite Wagon |
| 26:43 | Create | Villager (Male) |
| 26:44 | Create | Villager (Male) |
| 26:44 | Create | Villager (Male) |
| 26:45 | Create | Villager (Male) |
| 27:21 | Create | Hussite Wagon |
| 27:21 | Create | Hussite Wagon |
| 27:32 | Create | Spearman |
| 27:33 | Create | Spearman |
| 27:33 | Create | Spearman |
| 27:39 | Build | Castle |
| 27:48 | Build | University |
| 27:58 | Build | Watch Tower |
| 28:29 | Create | Spearman |
| 28:30 | Create | Spearman |
| 28:40 | Research | Fletching |
| 28:40 | Research | Padded Archer Armor |
| 28:59 | Create | Militia |
| 29:00 | Create | Spearman |
| 29:00 | Create | Spearman |
| 29:00 | Create | Spearman |
| 29:16 | Create | Spearman |
| 30:34 | Create | Spearman |
| 30:34 | Create | Spearman |
| 30:45 | Create | Villager (Male) |
| 30:45 | Create | Villager (Male) |
| 31:01 | Create | Hussite Wagon |
| 31:12 | Create | Villager (Male) |
| 31:13 | Create | Villager (Male) |
| 31:16 | Research | Bow Saw |
| 31:22 | Build | Lumber Camp |
| 32:44 | Build | Town Center |
| 32:50 | Create | Villager (Male) |
| 32:50 | Create | Villager (Male) |
| 32:51 | Create | Villager (Male) |
| 32:51 | Create | Villager (Male) |
| 32:51 | Create | Villager (Male) |
| 32:55 | Build | Farm |
| 32:56 | Build | Farm |
| 32:58 | Build | Farm |
| 33:00 | Build | Farm |
| 33:01 | Build | Farm |
| 33:02 | Build | Farm |
| 33:03 | Build | Farm |
| 33:39 | Create | Villager (Male) |
| 33:39 | Create | Villager (Male) |
| 33:40 | Create | Villager (Male) |
| 34:51 | Create | Villager (Male) |
| 34:51 | Create | Villager (Male) |
| 34:51 | Create | Villager (Male) |
Build order — Mastercheif8458
First 150 of 830 actions detected
| 0:01 | Create | Villager (Male) |
| 0:02 | Create | Villager (Male) |
| 0:02 | Create | Villager (Male) |
| 0:02 | Create | Villager (Male) |
| 0:07 | Build | House |
| 0:39 | Build | House |
| 0:40 | Build | House |
| 0:41 | Build | House |
| 0:48 | Build | Lumber Camp |
| 2:16 | Create | Villager (Male) |
| 2:55 | Create | Villager (Male) |
| 3:09 | Create | Villager (Male) |
| 3:53 | Create | Villager (Male) |
| 4:09 | Create | Villager (Male) |
| 4:22 | Create | Villager (Male) |
| 4:49 | Build | Mill |
| 5:08 | Create | Villager (Male) |
| 5:09 | Create | Villager (Male) |
| 5:09 | Create | Villager (Male) |
| 5:25 | Create | Villager (Male) |
| 6:12 | Create | Villager (Male) |
| 6:22 | Create | Villager (Male) |
| 7:00 | Create | Villager (Male) |
| 7:32 | Create | Villager (Male) |
| 7:33 | Create | Villager (Male) |
| 7:48 | Build | Mill |
| 7:57 | Create | Villager (Male) |
| 8:07 | Create | Villager (Male) |
| 8:13 | Build | House |
| 8:28 | Build | Mining Camp |
| 9:42 | Research | Feudal Age |
| 12:04 | Build | Market |
| 12:11 | Build | Blacksmith |
| 13:23 | Research | Castle Age |
| 13:47 | Build | Mining Camp |
| 13:52 | Research | Double-Bit Axe |
| 14:32 | Research | Horse Collar |
| 15:13 | Build | Farm |
| 15:14 | Build | Farm |
| 15:14 | Build | Farm |
| 15:14 | Build | Farm |
| 15:14 | Build | Farm |
| 15:14 | Build | Farm |
| 15:14 | Build | Farm |
| 15:14 | Build | Farm |
| 15:14 | Build | Farm |
| 15:14 | Build | Farm |
| 15:14 | Build | Farm |
| 15:14 | Build | Farm |
| 15:14 | Build | Farm |
| 15:14 | Build | Farm |
| 15:14 | Build | Farm |
| 15:14 | Build | Farm |
| 15:14 | Build | Farm |
| 15:14 | Build | Farm |
| 15:14 | Build | Farm |
| 15:14 | Build | Farm |
| 15:14 | Build | Farm |
| 15:14 | Build | Farm |
| 15:14 | Build | Farm |
| 15:14 | Build | Farm |
| 15:19 | Build | Farm |
| 15:19 | Build | Farm |
| 15:19 | Build | Farm |
| 15:19 | Build | Farm |
| 15:19 | Build | Farm |
| 15:19 | Build | Farm |
| 15:19 | Build | Farm |
| 15:19 | Build | Farm |
| 15:19 | Build | Farm |
| 15:19 | Build | Farm |
| 15:19 | Build | Farm |
| 15:19 | Build | Farm |
| 15:26 | Build | Farm |
| 15:26 | Build | Farm |
| 15:26 | Build | Farm |
| 15:26 | Build | Farm |
| 15:26 | Build | Farm |
| 15:26 | Build | Farm |
| 15:26 | Build | Farm |
| 15:26 | Build | Farm |
| 15:28 | Build | Farm |
| 15:28 | Build | Farm |
| 15:28 | Build | Farm |
| 15:28 | Build | Farm |
| 15:28 | Build | Farm |
| 15:28 | Build | Farm |
| 15:28 | Build | Farm |
| 15:28 | Build | Farm |
| 15:28 | Build | Farm |
| 15:28 | Build | Farm |
| 15:28 | Build | Farm |
| 15:28 | Build | Farm |
| 15:28 | Build | Farm |
| 15:28 | Build | Farm |
| 15:28 | Build | Farm |
| 15:28 | Build | Farm |
| 15:28 | Build | Farm |
| 15:28 | Build | Farm |
| 15:28 | Build | Farm |
| 15:28 | Build | Farm |
| 15:29 | Build | Farm |
| 15:29 | Build | Farm |
| 15:29 | Build | Farm |
| 15:29 | Build | Farm |
| 15:29 | Build | Farm |
| 15:29 | Build | Farm |
| 15:29 | Build | Farm |
| 15:32 | Build | Farm |
| 15:32 | Build | Farm |
| 15:32 | Build | Farm |
| 15:32 | Build | Farm |
| 15:33 | Build | Farm |
| 15:33 | Build | Farm |
| 15:33 | Build | Farm |
| 15:33 | Build | Farm |
| 15:33 | Build | Farm |
| 15:33 | Build | Farm |
| 15:33 | Build | Farm |
| 15:33 | Build | Farm |
| 15:33 | Build | Farm |
| 15:33 | Build | Farm |
| 15:33 | Build | Farm |
| 15:33 | Build | Farm |
| 15:33 | Build | Farm |
| 15:33 | Build | Farm |
| 15:33 | Build | Farm |
| 15:33 | Build | Farm |
| 15:33 | Build | Farm |
| 15:33 | Build | Farm |
| 15:33 | Build | Farm |
| 15:33 | Build | Farm |
| 15:33 | Build | Farm |
| 15:33 | Build | Farm |
| 15:33 | Build | Farm |
| 15:34 | Build | Farm |
| 15:34 | Build | Farm |
| 15:34 | Build | Farm |
| 15:34 | Build | Farm |
| 15:34 | Build | Farm |
| 15:34 | Build | Farm |
| 15:34 | Build | Farm |
| 15:34 | Build | Farm |
| 15:47 | Build | Farm |
| 15:47 | Build | Farm |
| 15:47 | Build | Farm |
| 15:47 | Build | Farm |
| 15:47 | Build | Farm |
| 15:47 | Build | Farm |
| 15:47 | Build | Farm |
Build order — Shadov
First 150 of 289 actions detected
| 0:07 | Build | House |
| 0:09 | Build | House |
| 0:10 | Build | House |
| 0:11 | Build | House |
| 0:20 | Create | Villager (Male) |
| 0:20 | Create | Villager (Male) |
| 0:20 | Create | Villager (Male) |
| 0:20 | Create | Villager (Male) |
| 0:21 | Create | Villager (Male) |
| 0:22 | Research | Loom |
| 2:15 | Create | Villager (Male) |
| 2:15 | Create | Villager (Male) |
| 2:15 | Create | Villager (Male) |
| 2:46 | Create | Villager (Male) |
| 2:47 | Create | Villager (Male) |
| 3:53 | Create | Villager (Male) |
| 3:53 | Create | Villager (Male) |
| 3:53 | Create | Villager (Male) |
| 3:54 | Create | Villager (Male) |
| 4:14 | Create | Villager (Male) |
| 4:15 | Create | Villager (Male) |
| 4:23 | Build | Mill |
| 4:56 | Create | Villager (Male) |
| 4:56 | Create | Villager (Male) |
| 5:10 | Build | Lumber Camp |
| 6:47 | Create | Villager (Male) |
| 8:13 | Build | Farm |
| 8:41 | Research | Feudal Age |
| 9:07 | Build | Farm |
| 10:28 | Build | Farm |
| 10:51 | Age | Feudal Age |
| 10:54 | Research | Double-Bit Axe |
| 10:57 | Research | Horse Collar |
| 11:00 | Research | Wheelbarrow |
| 11:50 | Create | Villager (Male) |
| 11:51 | Create | Villager (Male) |
| 11:51 | Create | Villager (Male) |
| 11:51 | Create | Villager (Male) |
| 12:05 | Create | Villager (Male) |
| 12:05 | Create | Villager (Male) |
| 12:20 | Build | Market |
| 12:38 | Create | Villager (Male) |
| 12:46 | Build | Mining Camp |
| 13:01 | Create | Villager (Male) |
| 13:02 | Create | Villager (Male) |
| 13:02 | Create | Villager (Male) |
| 13:39 | Create | Villager (Male) |
| 14:19 | Research | Stone Mining |
| 14:51 | Build | Blacksmith |
| 14:57 | Build | House |
| 14:59 | Build | House |
| 15:02 | Build | House |
| 15:04 | Build | House |
| 15:08 | Build | House |
| 16:08 | Research | Gold Mining |
| 16:19 | Create | Villager (Male) |
| 16:19 | Create | Villager (Male) |
| 16:21 | Create | Villager (Male) |
| 16:36 | Create | Villager (Male) |
| 16:36 | Create | Villager (Male) |
| 16:36 | Create | Villager (Male) |
| 17:06 | Build | House |
| 17:08 | Build | House |
| 17:09 | Build | House |
| 17:11 | Build | House |
| 17:12 | Build | House |
| 17:14 | Build | House |
| 17:16 | Build | House |
| 17:39 | Create | Villager (Male) |
| 17:40 | Create | Villager (Male) |
| 18:47 | Create | Villager (Male) |
| 18:48 | Create | Villager (Male) |
| 18:58 | Build | Farm |
| 19:08 | Build | Farm |
| 19:19 | Build | Farm |
| 19:54 | Build | Farm |
| 20:45 | Research | Castle Age |
| 21:00 | Build | Barracks |
| 21:15 | Build | Farm |
| 21:31 | Build | Farm |
| 21:50 | Build | Farm |
| 22:49 | Research | Town Watch |
| 23:05 | Create | Trade Cart |
| 23:05 | Create | Trade Cart |
| 23:06 | Create | Trade Cart |
| 23:06 | Create | Trade Cart |
| 23:31 | Build | Archery Range |
| 23:37 | Age | Castle Age |
| 23:45 | Build | Watch Tower |
| 24:08 | Create | Villager (Male) |
| 24:09 | Create | Villager (Male) |
| 24:09 | Create | Villager (Male) |
| 24:09 | Create | Villager (Male) |
| 24:10 | Create | Villager (Male) |
| 24:10 | Create | Villager (Male) |
| 24:10 | Create | Villager (Male) |
| 24:11 | Create | Villager (Male) |
| 24:11 | Create | Villager (Male) |
| 24:12 | Create | Villager (Male) |
| 24:12 | Create | Villager (Male) |
| 24:12 | Create | Villager (Male) |
| 24:23 | Build | Lumber Camp |
| 24:44 | Build | Lumber Camp |
| 24:56 | Research | Bow Saw |
| 25:29 | Build | Castle |
| 25:49 | Research | Heavy Plow |
| 26:19 | Build | Stable |
| 26:27 | Build | Siege Workshop |
| 26:48 | Build | Market |
| 27:09 | Build | Monastery |
| 27:19 | Build | University |
| 27:40 | Research | Squires |
| 27:41 | Research | Pikeman (upgrade) |
| 27:41 | Create | Spearman |
| 27:42 | Create | Spearman |
| 27:42 | Create | Spearman |
| 27:42 | Create | Spearman |
| 27:43 | Create | Spearman |
| 27:43 | Create | Spearman |
| 27:43 | Create | Spearman |
| 27:43 | Create | Spearman |
| 27:44 | Create | Spearman |
| 27:44 | Create | Spearman |
| 27:53 | Create | Skirmisher |
| 27:53 | Create | Skirmisher |
| 27:53 | Create | Skirmisher |
| 27:55 | Create | Archer |
| 27:55 | Create | Archer |
| 28:11 | Build | Farm |
| 28:24 | Build | Farm |
| 29:00 | Create | Centurion |
| 29:01 | Create | Centurion |
| 29:01 | Create | Centurion |
| 29:01 | Create | Centurion |
| 29:10 | Build | Farm |
| 29:13 | Build | Farm |
| 29:45 | Build | House |
| 29:47 | Build | House |
| 29:48 | Build | House |
| 29:49 | Build | House |
| 29:51 | Build | House |
| 29:53 | Build | House |
| 29:54 | Build | House |
| 29:55 | Build | House |
| 29:56 | Build | House |
| 29:59 | Create | Villager (Male) |
| 29:59 | Create | Villager (Male) |
| 30:00 | Create | Villager (Male) |
| 30:00 | Create | Villager (Male) |
| 30:01 | Create | Villager (Male) |
Match timeline
| 10:51 | Shadov · age_up feudal |
| 11:39 | jkennedy962 · age_up feudal |
| 12:18 | Kuboosi · age_up feudal |
| 12:45 | Idontcare1611 · first_building Barracks |
| 14:15 | Idontcare1611 · age_up feudal |
| 16:35 | caneberva · first_market_sell 100 wood |
| 16:42 | jkennedy962 · first_building Barracks |
| 18:29 | caneberva · wall_segment Stone Wall x15 |
| 18:36 | Idontcare1611 · age_up castle |
| 18:43 | Idontcare1611 · first_building Castle |
| 19:04 | jkennedy962 · first_building Stable |
| 19:40 | caneberva · first_building Barracks |
| 20:13 | Idontcare1611 · first_building Archery Range |
| 20:40 | Shadov · first_market_buy 100 food |
| 20:41 | caneberva · first_building Archery Range |
| 21:00 | Shadov · first_building Barracks |
| 21:29 | Mastercheif8458 · first_building Barracks |
| 21:45 | caneberva · first_market_buy 100 wood |
| 21:48 | jkennedy962 · age_up castle |
| 22:10 | Idontcare1611 · first_market_buy 100 wood |
| 22:29 | Kuboosi · age_up castle |
| 22:33 | Kuboosi · first_building Barracks |
| 23:31 | Shadov · first_building Archery Range |
| 23:34 | caneberva · first_building Castle |
| 23:37 | Shadov · age_up castle |
| 23:40 | Kuboosi · first_building Castle |
| 23:52 | Mastercheif8458 · first_building Archery Range |
| 25:19 | jkennedy962 · first_building Castle |
| 25:29 | Shadov · first_building Castle |
| 25:29 | Mastercheif8458 · first_building Stable |
| 26:19 | Shadov · first_building Stable |
| 26:27 | Shadov · first_building Siege Workshop |
| 27:09 | Shadov · first_building Monastery |
| 27:59 | Kuboosi · first_building Siege Workshop |
| 29:10 | Kuboosi · first_market_buy 100 wood |
| 29:10 | Mastercheif8458 · first_building Castle |
| 31:18 | caneberva · wall_segment Stone Wall x16 |
| 34:07 | Mastercheif8458 · first_building Siege Workshop |
| 35:44 | Idontcare1611 · first_building Siege Workshop |
| 39:27 | caneberva · wall_segment Stone Wall x10 |
| 40:11 | Mastercheif8458 · first_market_sell 100 wood |
| 40:48 | caneberva · wall_segment Stone Wall x7 |
| 43:16 | jkennedy962 · age_up imperial |
| 44:25 | Kuboosi · resign |
[ AI ANALYSIS · 1 CREDIT ]
What really happened in this match?
Wolo.gg analyzes every decision: build order, eco, micro, common mistakes by bracket. Personalized analysis on WhatsApp or Discord in 30 seconds.
Civ guide
Byzantines
Map guide
Arena
Perfil
Jugador #9705835